 Dungeon Crawl Stone Soup version 0.27.1-34-g3ba077fa99 (webtiles) character file.

Game seed: 2643068144610227567

145 belegose the Skirmisher (level 5, 0/42 HPs)
             Began as a Demonspawn Monk on Jan 4, 2022.
             Slain by an iron imp (8 damage)
             ... summoned by Eustachio
             ... on level 4 of the Dungeon.
             The game lasted 00:06:14 (3598 turns).

belegose the Skirmisher (Demonspawn Monk)           Turns: 3598, Time: 00:06:15

Health: 0/42       AC:  6    Str: 12    XL:     5   Next: 6%
Magic:  5/5        EV: 11    Int: 12    God:
Gold:   28         SH:  0    Dex: 15    Spells: 4/4 levels left

rFire    . . .     SeeInvis .   b - +1 dagger (venom)
rCold    . . .     Faith    .   (no shield)
rNeg     + . .     Spirit   .   m - +0 ring mail
rPois    .         Reflect  .   (no helmet)
rElec    .         Harm     .   s - +0 cloak
rCorr    .         Rampage  .   (no gloves)
Will     .....                  (no boots)
Stlth    +.........             (no amulet)
HPRegen  0.14/turn              r - ring of positive energy
MPRegen  0.18/turn              (no ring)

@: no status effects
A: talons 2, ignite blood 1, magic regeneration
a: no special abilities


You were on level 4 of the Dungeon.
You visited 1 branch of the dungeon, and saw 4 of its levels.

You collected 72 gold pieces.
You spent 44 gold pieces at shops.

Inventory:

Hand Weapons
 a - a +0 mace
 b - a +1 dagger of venom (weapon)
 w - a +4 hunting sling
Missiles
 h - 139 stones (quivered)
 n - 30 bolts
Armour
 m - a +0 ring mail (worn)
 s - a +0 cloak (worn)
Jewellery
 r - a ring of positive energy (left hand)
Scrolls
 f - a scroll of fog {unknown}
 i - a scroll of enchant weapon {unknown}
 j - a scroll of amnesia {unknown}
 k - a scroll of noise {unknown}
 p - a scroll of summoning {unknown}
 q - a scroll of teleportation {unknown}
Potions
 c - a potion of flight {unknown}
 d - 2 potions of haste {unknown}
 e - 5 potions of curing
 g - a potion of heal wounds {unknown}
 l - a potion of lignification {unknown}
 o - a potion of mutation {unknown}
 t - a potion of ambrosia {unknown}


   Skills:
 + Level 4.1 Fighting
 + Level 1.2 Short Blades
 - Level 3.3 Maces & Flails
 + Level 2.3 Armour
 - Level 2.6 Dodging
 - Level 1.7 Stealth


You had 4 spell levels left.
You didn't know any spells.
Your spell library contained the following spells:

 Spells                   Type           Power      Damage    Failure   Level
 Animate Skeleton         Necr           0%         N/A       58%         1
 Pain                     Necr           0%         1d4       58%         1
 Vampiric Draining        Necr           0%         2d6       91%         3


Dungeon Overview and Level Annotations

Branches:
Dungeon (4/15)
 Temple: D:4-7

Altars:

Shops:
D:3 !

Annotations:
D:4 Eustachio


Innate Abilities, Weirdness & Mutations

You have razor-sharp toenails.
Your demonic aura sometimes causes spilled blood to erupt in flames.
You regenerate magic rapidly.


Message History

You hear a sizzling sound!
Unknown command.
You hit Eustachio but do no damage.
Eustachio looks even sicker.
You claw Eustachio, but do no damage.
Eustachio is lightly wounded.
The white imp disappears in a puff of smoke! x2
The quasit bites you but does no damage.
The quasit claws you but does no damage. x2
Eustachio hits you with a +0 rapier.
You hit Eustachio.
Eustachio is lightly wounded.
The quasit completely misses you.
The quasit claws you but does no damage.
The quasit barely misses you. Eustachio hits you with a +0 rapier.
Unknown command.
You hit Eustachio.
Eustachio looks as sick as possible!
Your kick misses Eustachio.
Eustachio is moderately wounded.
The quasit closely misses you. The quasit barely misses you.
The quasit claws you.
The shadow imp hits you but does no damage.
The iron imp hits you! Eustachio barely misses you.
The iron imp barely misses you.
Unknown command.
You hit Eustachio.
Eustachio looks as sick as possible!
Eustachio is heavily wounded.
Eustachio hits you with a +0 rapier. The iron imp barely misses you.
Unknown command.
You hit Eustachio.
Eustachio looks as sick as possible!
Your kick misses Eustachio.
Eustachio is heavily wounded.
Eustachio hits you with a +0 rapier. The iron imp barely misses you.
Unknown command.
You barely miss Eustachio. You claw Eustachio.
Eustachio is severely wounded.
Eustachio hits you with a +0 rapier.
* * * LOW HITPOINT WARNING * * *
Unknown command.
The iron imp hits you!
You die...

.'.........'.......#
##.........####...##
##.......## ##.##
##.....## #.# ##...##
#.#### ##'## #....#
#### #.# ##....###
...# #.# #....?..#
##.###.#####
#.@@5...#
...##......#
#..5....#
##.#...###.#
###5..### .......#
#.# #...#
######.###.#######.##
#.............#
#.############# #.#
#.#


You could see Eustachio (extremely poisoned), an iron imp (summoned), a quasit
(summoned) and a shadow imp (summoned).

Vanquished Creatures
  A centaur zombie (D:4)
  Natasha (D:4)
  2 adders
  4 dart slugs
  An orc (D:4)
  5 bats
  4 endoplasms
  5 goblins
  8 hobgoblins
  2 jackals (D:1)
  4 quokkas
  7 ball pythons
  3 frilled lizards
  5 kobolds
  8 rats
60 creatures vanquished.

Vanquished Creatures (others)
  4 plants (D:3)
4 creatures vanquished.

Grand Total: 64 creatures vanquished

Notes
Turn   | Place    | Note
-------+----------+-------------------------------------------
     0 | D:1      | belegose the Demonspawn Monk began the quest for the Orb.
     0 | D:1      | Reached XP level 1. HP: 18/18 MP: 1/1
   214 | D:1      | Gained mutation: Your demonic aura sometimes causes spilled
                  | blood to erupt in flames. [demonic ancestry]
   214 | D:1      | Reached XP level 2. HP: 17/24 MP: 2/2
   770 | D:1      | Reached skill level 1 in Armour
  1473 | D:2      | Gained mutation: You have sharp toenails. [demonic
                  | ancestry]
  1473 | D:2      | Reached XP level 3. HP: 24/29 MP: 3/3
  2220 | D:3      | Found a faded altar of an unknown god.
  2494 | D:3      | Gained mutation: You regenerate magic rapidly. [demonic
                  | ancestry]
  2494 | D:3      | Reached XP level 4. HP: 36/37 MP: 4/4
  2553 | D:3      | Found Lausyth's Distillery.
  2565 | D:3      | Bought a potion of degeneration for 11 gold pieces
  2565 | D:3      | Bought a potion of curing for 33 gold pieces
  3162 | D:4      | Noticed Natasha
  3174 | D:4      | Killed Natasha
  3374 | D:4      | Reached skill level 4 in Fighting
  3374 | D:4      | Reached skill level 1 in Short Blades
  3374 | D:4      | Gained mutation: You have razor-sharp toenails. [demonic
                  | ancestry]
  3374 | D:4      | Reached XP level 5. HP: 27/42 MP: 5/5
  3582 | D:4      | Noticed Eustachio
  3598 | D:4      | Slain by an iron imp

Illustrated notes

Levels and vault maps discovered:
D:1:      minmay_arrival_loop, layout_basic, skrybe_limestone_x,
          kennysheep_boxes
D:2:      layout_loops_ring
D:3:      layout_basic, serial_shops, shop_statue,
          chequers_ecumenical_altar_lobes
D:4:      layout_loops_corners, uniq_natasha, uniq_pikel, uniq_eustachio,
          uniq_ijyb

Skill      XL: |  1  2  3  4 |
---------------+-------------+-----
Maces & Flails | 3 |  3.3
Armour         | 1 2 |  2.3
Fighting       | 4 |  4.1
Short Blades   | 1 |  1.2
Dodging        | |  2.6
Stealth        | |  1.7

Action                   |  1- 3 |  4- 6 || total
-------------------------+-------+-------++-------
Melee: Mace              |   108 |    14 ||   122
       Kick              |     5 |     7 ||    12
       Dagger            |     3 |    40 ||    43
 Stab: Sleeping          |     2 |     1 ||     3
Armor: Leather armour    |    17 |       ||    17
       Ring mail         |    14 |    26 ||    40
Dodge: Dodged            |    71 |    44 ||   115
